 Dungeon Sprint DCSS version 0.30.1-4-g462c640d31 (webtiles) character file.

Game seed: 6485365484542171271

9615 Heoruswealwe the Ninja (level 11, -18/60 HPs)
             Began as a Spriggan Artificer on Aug 30, 2023.
             Was an Initiate of Gozag.
             Demolished by a lorocyproca (38 damage)
             ... in the Dungeon (Sprint I: "Red Sonja").
             The game lasted 00:21:46 (1165 turns).

Heoruswealwe the Ninja (Spriggan Artificer)         Turns: 1165, Time: 00:21:46

Health: -18/60     AC:  2    Str:  8    XL:     11   Next: 25%
Magic:  1/21       EV: 28    Int: 13    God:    Gozag
Gold:   1011       SH:  0    Dex: 20    Spells: 10/10 levels left

rFire   . . .        a - +5 rapier of Fedhas's Regard {freeze, rN+ MP+9}
rCold   . . .        (no shield)
rNeg    + . .        c - +0 robe
rPois   .            (helmet restricted)
rElec   .            (no cloak)
rCorr   .            (gloves unavailable)
SInv    +            (boots unavailable)
Will    ++...        (no amulet)
Stlth   ++++++++++   k - ring of willpower
HPRegen 0.30/turn    (no ring)
MPRegen 0.17/turn

%: no teleportation
@: very quick
A: very small, no large weapons, unfitting armour, see invisible, speed 3
a: Renounce Religion, Potion Petition, Call Merchant, Bribe Branch


You were in the Dungeon.
You worshipped Gozag.
Gozag was most pleased with you.
You visited 1 branch You collected 3555 gold pieces.
You spent 1004 gold pieces at shops.
You donated 35 gold pieces to Zin.
You paid 1505 gold pieces to Gozag.

Inventory:

Hand Weapons
 a - the +5 rapier of Fedhas's Regard (weapon) {freeze, rN+ MP+9}
   (You bought it in a shop in the Dungeon)

   rN:        It protects you from negative energy.
   MP:        It affects your magic capacity (+9).
Armour
 c - a +0 robe (worn)
Jewellery
 k - a ring of willpower (left hand)
Wands
 d - a wand of charming (2)
 l - a wand of digging (8)
Scrolls
 e - 2 scrolls of identify
 m - a scroll of blinking
 q - a scroll of enchant weapon
 r - a scroll of enchant armour
Potions
 f - 2 potions of curing
 h - a potion of haste
 i - a potion of ambrosia
Miscellaneous
 b - a lightning rod (inert)
 p - a condenser vane (inert)


   Skills:
 + Level 8.0 Fighting
 + Level 10.4 Short Blades
 + Level 12.7 Dodging
 O Level 27 Stealth
 * Level 17.4 Evocations


You had 10 spell levels left.
You didn't know any spells.
Your spell library was empty.

Dungeon Overview and Level Annotations

Branches:
Dungeon (1/1)

Altars:
Cheibriados
Dithmenos
Elyvilon
Fedhas
Gozag
Hepliaklqana
Kikubaaqudgha
Makhleb
Nemelex Xobeh
Okawaru
Qazlal
Ru
Sif Muna
Trog
Uskayaw
Vehumet
Wu Jian
Xom
Yredelemnul
Zin
The Shining One
Jiyva
Lugonu

Shops:
D (*?((*!([(*[[?(*?(*:=[*


Innate Abilities, Weirdness & Mutations

You are very small and have problems with some larger weapons.
You are too small for most types of armour.
You have supernaturally acute eyesight. (SInv)
You cover ground extremely quickly. (Speed+++)


Message History

The lorocyproca is severely wounded.
The lorocyproca closely misses you.
You barely miss the lorocyproca.
The lorocyproca is severely wounded.
You hit the lorocyproca but do no damage.
The lorocyproca is severely wounded.
The lorocyproca hits you!!
* * * LOW HITPOINT WARNING * * *
You feel your power leaking away.
Unknown command.
You feel better. The lorocyproca barely misses you.
Aiming: Thunderbolt
Press: ? - help, Shift-Dir - straight line, f/p - lorocyproca
Aim: a lorocyproca (severely wounded, slightly transparent)
The thunderbolt hits the lorocyproca.
The lorocyproca resists.
The lorocyproca is severely wounded.
The lorocyproca hits you but does no damage.
Aiming: Thunderbolt
Press: ? - help, Shift-Dir - straight line, f/p - lorocyproca
Aim: a lorocyproca (severely wounded, slightly transparent)
The thunderbolt hits the lorocyproca!
The lorocyproca resists.
The lorocyproca is almost dead.
The lightning rod overheats!
The lorocyproca misses you.
You barely miss the lorocyproca.
The lorocyproca is almost dead.
The lorocyproca hits you.
You barely miss the lorocyproca.
The lorocyproca is almost dead.
The lorocyproca completely misses you.
You closely miss the lorocyproca.
The lorocyproca is almost dead.
You closely miss the lorocyproca.
The lorocyproca is almost dead.
The lorocyproca misses you.
You hit the lorocyproca but do no damage.
The lorocyproca is almost dead.
The lorocyproca hits you!!!
Ouch! That really hurt!
You die...
Your body crumbles into a pile of gold.

##############
#__#..'..)#..# $$ $ $
'..'..#...##'#$### $ $
#__####)..'..#$#@### $
####.§#####..+$#2#$###
$
#§§~§§#..##+####§§$#y#
$$$
+§§§§§+..#.°○.°#.§$###
$
#~§§§§#..#°°°°.+..$$$#
$
##+#####'###○).#.....#
$
#....###.+.#○°.###++##
$ ##'###.###.#°.##
.....'.∩##.#..# $$


You could see a lorocyproca (invisible).

Vanquished Creatures
  2 centaur warriors (D)
  Sonja (D)
  A deep troll (D)
  An oklob plant (D)
  8 shining eyes (D)
  2 unseen horrors (D)
  2 demonic crawlers (D)
  A gargoyle (D)
  2 kobold demonologists (D)
  A hornet (D)
  Sigmund (D)
  A slime creature (D)
  A yak (D)
  2 redbacks (D)
  6 floating eyes (D)
  An ogre (D)
  3 necrophages (D)
  6 jellies (D)
  Ijyb (D)
  2 ballistomycete spores (D)
45 creatures vanquished.

Vanquished Creatures (others)
  2 demonic crawlers (D)
  4 necrophages (D)
  2 jellies (D)
8 creatures vanquished.

Grand Total: 53 creatures vanquished

Notes
Turn   | Place    | Note
-------+----------+-------------------------------------------
     0 | D        | Heoruswealwe the Spriggan Artificer began the quest for the
                  | Orb.
     0 | D        | Reached XP level 1. HP: 9/9 MP: 2/2
     1 | D        | Noticed Ijyb
     3 | D        | Killed Ijyb
     4 | D        | Reached skill level 9 in Stealth
     4 | D        | Reached XP level 2. HP: 14/14 MP: 3/3
    36 | D        | Noticed an ogre
    39 | D        | Killed an ogre
    40 | D        | Reached skill level 13 in Stealth
    40 | D        | Reached XP level 3. HP: 17/17 MP: 4/4
    40 | D        | Reached XP level 4. HP: 21/21 MP: 5/5
    49 | D        | Noticed Sigmund
    59 | D        | Killed Sigmund
    60 | D        | Reached skill level 18 in Stealth
    60 | D        | Reached XP level 5. HP: 25/25 MP: 6/6
    60 | D        | Reached XP level 6. HP: 29/29 MP: 7/7
    76 | D        | Found an ornate altar of the Wu Jian Council.
    76 | D        | Found a shimmering blue altar of Sif Muna.
    78 | D        | Found a radiant altar of Vehumet.
    83 | D        | Reached skill level 19 in Stealth
   110 | D        | Found Lurhikh's Antique Weapon Emporium.
   110 | D        | Found an ancient bone altar of Kikubaaqudgha.
   110 | D        | Found a hazy altar of Hepliaklqana.
   110 | D        | Found a stormy altar of Qazlal.
   110 | D        | Found a hide-covered altar of Uskayaw.
   110 | D        | Found a blossoming altar of Fedhas.
   110 | D        | Found a bloodstained altar of Trog.
   110 | D        | Found an iron altar of Okawaru.
   110 | D        | Found a basalt altar of Yredelemnul.
   110 | D        | Found a glowing golden altar of the Shining One.
   110 | D        | Found a snail-covered altar of Cheibriados.
   110 | D        | Found a sacrificial altar of Ru.
   110 | D        | Found a glowing silver altar of Zin.
   110 | D        | Found a shadowy altar of Dithmenos.
   110 | D        | Found a white marble altar of Elyvilon.
   110 | D        | Noticed a yak
   141 | D        | Killed a yak
   142 | D        | Reached skill level 21 in Stealth
   187 | D        | Found an opulent altar of Gozag.
   188 | D        | Found a sparkling altar of Nemelex Xobeh.
   193 | D        | Became a worshipper of Zin the Law-Giver
   193 | D        | Reached * piety under Zin
   193 | D        | Reached ** piety under Zin
   193 | D        | Reached *** piety under Zin
   193 | D        | Reached **** piety under Zin
   193 | D        | Reached ***** piety under Zin
   193 | D        | Reached ****** piety under Zin
   202 | D        | Noticed Sonja
   206 | D        | Killed Sonja
   207 | D        | Reached skill level 25 in Stealth
   207 | D        | Reached XP level 7. HP: 32/32 MP: 8/8
   207 | D        | Reached XP level 8. HP: 37/37 MP: 9/9
   225 | D        | Found Xaugaoz's Weapon Boutique.
   235 | D        | Noticed a shining eye
   235 | D        | Noticed a shining eye
   235 | D        | Noticed a shining eye
   235 | D        | Noticed a shining eye
   235 | D        | Noticed a shining eye
   235 | D        | Noticed a shining eye
   238 | D        | Noticed a shining eye
   238 | D        | Noticed a shining eye
   238 | D        | Paralysed by a floating eye for 3 turns
   242 | D        | Killed a shining eye
   243 | D        | Reached skill level 27 in Stealth
   245 | D        | Killed a shining eye
   246 | D        | Paralysed by a floating eye for 3 turns
   251 | D        | Killed a shining eye
   252 | D        | Reached skill level 5 in Dodging
   252 | D        | Reached XP level 9. HP: 44/44 MP: 10/10
   259 | D        | Killed a shining eye
   260 | D        | Reached skill level 5 in Short Blades
   260 | D        | Paralysed by a floating eye for 3 turns
   266 | D        | Paralysed by a floating eye for 2 turns
   271 | D        | Paralysed by a floating eye for 4 turns
   278 | D        | Reached skill level 10 in Evocations
   280 | D        | Paralysed by a floating eye for 4 turns
   300 | D        | Killed a shining eye
   318 | D        | Killed a shining eye
   338 | D        | Killed a shining eye
   339 | D        | Reached skill level 5 in Fighting
   339 | D        | Reached XP level 10. HP: 51/51 MP: 11/11
   352 | D        | Killed a shining eye
   384 | D        | Fell from the grace of Zin
   384 | D        | Became a worshipper of Gozag Ym Sagoz the Greedy
   440 | D        | Found Buirros's Weapon Shop.
   440 | D        | Found Pireil's Magic Scroll Emporium.
   440 | D        | Found Xotami's General Store.
   441 | D        | Found Zaubor's Assorted Antiques.
   444 | D        | Bought a scroll labelled ZINEYMU GUOLL for 24 gold pieces
   444 | D        | Bought a scroll labelled GECLUWK BEICW for 24 gold pieces
   444 | D        | Bought a scroll labelled GECLUWK BEICW for 24 gold pieces
   473 | D        | Noticed a deep troll
   477 | D        | Killed a deep troll
   488 | D        | Found Penujedgh's Armour Emporium.
   513 | D        | Noticed a centaur warrior
   514 | D        | Noticed a centaur warrior
   517 | D        | Killed a centaur warrior
   518 | D        | Reached skill level 10 in Dodging
   519 | D        | Killed a centaur warrior
   548 | D        | Reached skill level 15 in Evocations
   559 | D        | Noticed an oklob plant
   561 | D        | Killed an oklob plant
   613 | D        | Found the +7 great mace "Firestarter" {flame, immolate,
                  | rFlCloud rF++}
   616 | D        | Reached XP level 11. HP: 58/58 MP: 12/12
   738 | D        | Found Cujev's Weapon Shoppe.
   738 | D        | Found Poakhlacu's Distillery.
   738 | D        | Found Houlaxu's Antique Armour Boutique.
   744 | D        | Found Yjo Nuj's Book Boutique.
   744 | D        | Found Zuplo's Assorted Antiques.
   744 | D        | Found Byah's Jewellery Emporium.
   746 | D        | Found Tair's General Store.
   746 | D        | Found Ateomnet's Antique Weapon Shoppe.
   746 | D        | Found Maguid's Magic Scroll Shop.
   746 | D        | Found Enaihocu's Antique Weapon Emporium.
   746 | D        | Found Muevaneng's Antique Armour Boutique.
   746 | D        | Found Ibum's Antique Armour Shoppe.
   746 | D        | Found Agum Cat's Assorted Antiques.
   748 | D        | Bought a scroll labelled GECLUWK BEICW for 32 gold pieces
   748 | D        | Bought a scroll labelled VOIWISUULY for 32 gold pieces
   748 | D        | Bought a scroll labelled TODOECKEWUE for 32 gold pieces
   748 | D        | Bought a scroll labelled HOTWUR ZICKUABB for 32 gold pieces
   748 | D        | Bought a scroll labelled TAXOUXZ BOIZIG for 32 gold pieces
   750 | D        | Found Guih's Weapon Emporium.
   757 | D        | Bought a scroll labelled TAXOUXZ BOIZIG for 25 gold pieces
   757 | D        | Bought a scroll labelled GECLUWK BEICW for 25 gold pieces
   768 | D        | Bought a scroll of identify for 24 gold pieces
   768 | D        | Bought a scroll of identify for 24 gold pieces
   768 | D        | Bought a scroll of identify for 24 gold pieces
   805 | D        | Bought a bubbling red potion for 27 gold pieces
   813 | D        | Bought the +5 rapier of Fedhas's Regard {freeze, rN+ MP+9}
                  | for 623 gold pieces
   896 | D        | Found a burning altar of Makhleb.
   896 | D        | Found a viscous altar of Jiyva.
   896 | D        | Found a shimmering altar of Xom.
   896 | D        | Found a corrupted altar of Lugonu.
   919 | D        | Reached skill level 10 in Short Blades
  1136 | D        | Noticed a lorocyproca
  1165 | D        | Demolished by a lorocyproca

Illustrated notes

Levels and vault maps discovered:
D:        dungeon_sprint_1 [red_sonja_temple_1, red_sonja_temple_small_1]

Skill      XL: |  1  2  3  4  5  6  7  8  9 10 11 |
---------------+----------------------------------+-----
Stealth        | 9 13 18 25 27 | 27.0
Fighting       | 3 5 7 8 |  8.0
Short Blades   | 3 6 9 10 | 10.4
Dodging        | 5 9 11 12 | 12.7
Evocations     | 8 12 16 17 | 17.4

Action                     |  1- 3 |  4- 6 |  7- 9 | 10-12 || total
---------------------------+-------+-------+-------+-------++-------
  Melee: Dagger            |     1 |     2 |       |       ||     3
         Short sword       |       |       |    64 |    54 ||   118
         Punch             |       |       |     2 |     1 ||     3
         Rapier            |       |       |       |    21 ||    21
 Invoke: Call Merchant     |       |       |       |     2 ||     2
  Evoke: Wand              |     3 |    14 |       |    18 ||    35
         Lightning rod     |       |       |       |     7 ||     7
         Condenser vane    |       |       |       |     1 ||     1
    Use: Scroll            |       |       |       |     8 ||     8
         Potion            |       |       |       |     2 ||     2
   Stab: Sleeping          |     1 |     2 |     6 |    20 ||    29
 Armour: Robe              |       |     1 |       |     1 ||     2
  Dodge: Dodged            |       |     1 |       |    40 ||    41
